 Dungeon Crawl Stone Soup version 0.25-a0-930-g9f5dfa9815 (webtiles) character file.

Game seed: 15311806584300377503, levelgen mode: deterministic

35 mortelune the Shooter (level 3, -1/30 HPs)
             Began as a Centaur Hunter on May 3, 2020.
             Slain by a rat (3 damage)
             ... on level 3 of the Dungeon.
             The game lasted 00:01:18 (477 turns).

mortelune the Shooter (Centaur Hunter)               Turns: 477, Time: 00:01:19

Health: -1/30      AC:  4    Str: 15    XL:     3   Next: 17%
Magic:  3/3        EV:  9    Int: 10    God:
Gold:   42         SH:  0    Dex:  9    Spells: 2/2 levels left

rFire    . . .     SeeInvis .   b - +0 short sword
rCold    . . .     Gourm    .   (no shield)
rNeg     . . .     Faith    .   c - +0 leather armour
rPois    .         Spirit   .   (no helmet)
rElec    .         Reflect  .   (no cloak)
rCorr    .         Harm     .   (no gloves)
MR       .....                  (no barding)
Stlth    +.........             (no amulet)
HPRegen  0.10/turn              (no ring)
MPRegen  0.08/turn              (no ring)

@: mighty, lethally poisoned (-1 -> -4), very quick
A: large, hooves 3, deformed body, speed 2, tough skin 3
a: no special abilities


You were on level 3 of the Dungeon.
You were not hungry.

You visited 1 branch of the dungeon, and saw 3 of its levels.

You collected 42 gold pieces.

Inventory:

Hand Weapons
 a - a +1 shortbow
 b - a +0 short sword (weapon)
Missiles
 Q - 7 arrows
Armour
 c - a +0 leather armour (worn)
Scrolls
 g - a scroll of remove curse {unknown}
Comestibles
 d - a chunk of flesh
 f - 3 rations


   Skills:
 + Level 2.9 Fighting
 + Level 6.1 Bows
 - Level 1.3 Dodging
 - Level 0.4 Stealth


You had 2 spell levels left.
You didn't know any spells.
Your spell library was empty.

Dungeon Overview and Level Annotations

Branches:
Dungeon (3/15)

Altars:

Annotations:
D:2 Natasha


Innate Abilities, Weirdness & Mutations

You have hooves in place of feet.
Armour fits poorly on your strangely shaped body.
You cover ground very quickly.
You have extremely tough skin. (AC +3)


Message History

Okay, then.
Really attack while wielding your +1 shortbow? [Y]es or [N]o only, please.
Really attack while wielding your +1 shortbow? [Y]es or [N]o only, please.
Really attack while wielding your +1 shortbow? [Y]es or [N]o only, please.
Really attack while wielding your +1 shortbow?
Okay, then.
b - a +0 short sword (weapon)
The adder closely misses you.
You hit the adder.
The adder is moderately wounded.
The adder bites you.
* * * LOW HITPOINT WARNING * * *
The rat bites you but does no damage.
You miss the adder.
The adder is moderately wounded.
The adder misses you. The rat bites you.
You die...

.. .. .# .#
.# ##.####
#r....#
#@S..(#
#..........$
####....(###
#.....#
###.### .#
.# .#


You could see an adder and a rat.

Vanquished Creatures
  Natasha (D:2)
  An ooze (D:1)
  A bat (D:2)
  2 goblins (D:1)
  A quokka (D:2)
  A rat (D:2)
7 creatures vanquished.

Notes
Turn   | Place    | Note
-------+----------+-------------------------------------------
     0 | D:1      | mortelune the Centaur Hunter began the quest for the Orb.
     0 | D:1      | Reached XP level 1. HP: 17/17 MP: 1/1
   157 | D:1      | You fall into a shaft and drop 1 floor!
   160 | D:2      | Reached XP level 2. HP: 25/25 MP: 2/2
   338 | D:2      | Noticed Natasha
   354 | D:2      | Killed Natasha
   354 | D:2      | Reached skill level 6 in Bows
   354 | D:2      | Reached XP level 3. HP: 30/30 MP: 3/3
   405 | D:2      | Noticed Natasha
   477 | D:3      | Slain by a rat

Levels and vault maps discovered:
D:1:      shiori_arrival_oz, layout_basic, minmay_misc_feat_alley
D:2:      wad_pebble_path, layout_basic, kennysheep_generic_room_11,
          uniq_natasha
D:3:      layout_loops_ring, hellmonk_ghost_happy_afterlife

Skill      XL: |  1  2 |
---------------+-------+-----
Bows           | 6 |  6.1
Fighting       | |  2.9
Dodging        | |  1.3
Stealth        | |  0.4

Action                   || total
-------------------------++-------
Melee: Short sword       ||    14
       Kick              ||     2
 Fire: Shortbow          ||    20
  Use: Potion            ||     1
Armor: Leather armour    ||     8
Dodge: Dodged            ||    11

Table legend:
 A = Non-vault XP
 B = Vault XP
 C = Vault XP percentage of total XP
 D = Non-vault monster count
 E = Vault monster count
 F = Vault count percentage of total count
                 A         B        C        D         E       F
            +---------+---------+-------+---------+---------+-------
      Total |      16 |      35 |  68.6 |       6 |       1 |  14.3
            +---------+---------+-------+---------+---------+-------
        D:1 |      11 |       0 |   0.0 |       3 |       0 |   0.0
        D:2 |       5 |      35 |  87.5 |       3 |       1 |  25.0
            +---------+---------+-------+---------+---------+-------
